 Dungeon Crawl Stone Soup version 0.29-a0-732-g3d7fbe0af2 (webtiles) character file.

Game seed: 7795461230306710271

4 buhh the Ruffian (level 1, -1/18 HPs)
             Began as a Naga Transmuter on June 30, 2022.
             Slain by a hobgoblin (3 damage)
             ... on level 1 of the Dungeon.
             The game lasted 00:01:30 (294 turns).

buhh the Ruffian (Naga Transmuter)                   Turns: 294, Time: 00:01:30

Health: -1/18      AC:  1    Str: 12    XL:     1   Next: 60%
Magic:  3/3        EV: 10    Int: 13    God:
Gold:   0          SH:  0    Dex: 17    Spells: 3/4 levels left

rFire   . . .      SeeInvis +     - Unarmed
rCold   . . .      Faith    .   (no shield)
rNeg    . . .      Spirit   .   a - +0 robe
rPois   +          Reflect  .   (no helmet)
rElec   .          Harm     .   (no cloak)
rCorr   .          Rampage  .   (no gloves)
Will    .....                   (no barding)
Stlth   ++........              (no amulet)
HPRegen 0.06/turn               c - +6 ring of dexterity
MPRegen 0.08/turn               (no ring)

@: very slow
A: AC +0, large, see invisible, deformed body, poison resistance, slowness 2,
spit poison 1, naga tail 1
a: Spit Poison


You were on level 1 of the Dungeon.
You visited 1 branch of the dungeon, and saw 1 of its levels.

Inventory:

Missiles
 d - 5 poisoned darts
Armour
 a - a +0 robe (worn)
Jewellery
 c - a +6 ring of dexterity (left hand)
Scrolls
 Q - a scroll of fog
Potions
 b - a potion of magic {unknown}
 e - a potion of mutation {unknown}
 l - a potion of lignification {!d}


   Skills:
 + Level 1.1 Fighting
 - Level 1.5 Dodging
 * Level 1.0 Stealth
 + Level 3.0 Unarmed Combat
 - Level 2.0 Spellcasting
 - Level 2.0 Transmutations


You had 3 spell levels left.
You knew the following spells:

 Your Spells              Type           Power      Damage    Failure   Level
a - Beastly Appendage     Tmut           12%        N/A       11%         1

Your spell library contained the following spells:

 Spells                   Type           Power      Damage    Failure   Level
 Wereblood                Tmut           6%         N/A       17%         2
 Static Discharge         Conj/Air       1%         N/A       36%         2
 Spider Form              Tmut/Pois      3%         N/A       45%         3
 Ice Form                 Ice/Tmut       3%         N/A       86%         4
 Lightning Bolt           Conj/Air       0%         1d11      100%        5
 Maxwell's Capacitive Co  Air            0%         ∞         100%        8


Dungeon Overview and Level Annotations

Branches:
Dungeon (1/15) Zot: 5627

Altars:


Innate Abilities, Weirdness & Mutations

Your serpentine skin is tough. (AC +0)
You have supernaturally acute eyesight. (SInv)
Armour fits poorly on your strangely shaped body.
Your system is resistant to poisons. (rPois)
You cover ground very slowly.
You can spit poison.
You have a snake-like lower body.


Message History

You closely miss the bat. Your headbutt misses the bat. The bat hits you.
The rat misses you. The hobgoblin hits you.
You hit the rat.
You kill the rat!
The hobgoblin barely misses you. The bat closely misses you.
Your Stealth skill increases to level 1!
You closely miss the bat. The bat completely misses you.
The hobgoblin hits you.
You hit the hobgoblin.
The hobgoblin is moderately wounded.
A hobgoblin comes into view.
The hobgoblin closely misses you. The bat hits you.
The hobgoblin shouts!
You hit the hobgoblin but do no damage.
The hobgoblin is moderately wounded.
The bat closely misses you. The hobgoblin closely misses you.
You hit the hobgoblin.
The hobgoblin is severely wounded.
The bat hits you but does no damage. The hobgoblin hits you.
Your horns disappear.
The bat hits you but does no damage. The hobgoblin barely misses you.
Okay, then.
You hit the hobgoblin.
The hobgoblin is almost dead.
The bat hits you. The hobgoblin barely misses you.
Okay, then.
Okay, then.
You barely miss the hobgoblin.
The hobgoblin is almost dead.
The bat hits you.
The hobgoblin hits you but does no damage.
You barely miss the hobgoblin.
The hobgoblin is severely wounded.
The bat barely misses you. The hobgoblin hits you.
You hit the hobgoblin but do no damage.
The hobgoblin is severely wounded.
The bat barely misses you. The hobgoblin hits you.
* * * LOW HITPOINT WARNING * * *
The hobgoblin hits you.
You die...

... #.# #.# #.. ## #.#
##. #. ..# ## #. ####.#
# . #.##.##.# # ...
#.#...#†# #
.....#.......# #
......g@b....###########
......g.................
......##.....###########
.....# ##.#.## # ....#
#.### ...# #.# #+# #.#
#.# ### #..


You could see 2 hobgoblins and a bat.

Vanquished Creatures
  2 jackals (D:1)
  2 rats (D:1)
4 creatures vanquished.

Notes
Turn   | Place    | Note
-------+----------+-------------------------------------------
     0 | D:1      | buhh the Naga Transmuter began the quest for the Orb.
     0 | D:1      | Reached XP level 1. HP: 18/18 MP: 3/3
   294 | D:1      | Slain by a hobgoblin

Illustrated notes

Levels and vault maps discovered:
D:1:      sevenhm_arrival_forest_fort_large_2, layout_loops_corners

Skill      XL: |  1 |
---------------+----+-----
Stealth        | 1 |  1.0
Fighting       | |  1.1
Dodging        | |  1.5
Unarmed Combat | |  3.0
Spellcasting   | |  2.0
Transmutations | |  2.0

Action                   || total
-------------------------++-------
Melee: Unarmed           ||    15
       Punch             ||     1
 Cast: Beastly Appendage ||     5
 Abil: Spit Poison       ||     2
       End Transformatio ||     1
  Use: Scroll            ||     2
Armor: Robe              ||     6
Dodge: Dodged            ||    16

Table legend: (Time is in decaauts)
 A = Elapsed time spent in this place.
 B = Non-inter-level travel time spent in this place.
 C = Inter-level travel time spent in this place.
 D = Time resting spent in this place.
 E = Time spent auto-exploring this place.
 F = Levels seen in this place.
 G = Mean time per level.
                   A        B        C        D        E       F      G
               +--------+--------+--------+--------+--------+-----+--------+
         Total |    371 |    371 |      0 |      0 |    319 |   1 |  371.0 |
       Dungeon |    371 |    371 |      0 |      0 |    319 |   1 |  371.0 |
               +--------+--------+--------+--------+--------+-----+--------+

Top non-repeatable levels by time:
     D:1: 371 daAuts
